[Event "*** Titled Tuesday Blitz"]
[Site "Chess.com"]
[Date "2018.09.04"]
[Round "3"]
[White "GrigorGrigorov"]
[Black "Abund"]
[Result "1-0"]
[WhiteElo "2704"]
[BlackElo "2445"]
[TimeControl "180+2"]
[EndTime "14:12:12 PDT"]
[Termination "GrigorGrigorov won on time"]

1. d4 Nf6 2. Nf3 e6 3. c4 b6 4. g3 Ba6 5. b3 Bb4+ 6. Bd2 Be7 7. Nc3 d5 8. cxd5 exd5 9. Bg2 O-O 10. O-O c5 11.
Bg5 h6 12. Bxf6 Bxf6 13. Rc1 Re8 14. Re1 Bb7 15. dxc5 bxc5 16. Na4 Na6 17. Nxc5 Nxc5 18. Rxc5 Be7 19. Rc2 Bb4 20. Rf1 Qa5 21. Nd4 Rac8 22. Bh3 Rc5 23. Qb1 Bc3 24. Rfc1 Bxd4 25. b4 Rxc2 26. bxa5 Rxc1+ 27. Qxc1 Rxe2 28. Qc7 Rb2 29. Bc8 Bxf2+ 30. Kf1 Bxc8 31. Qxc8+ Kh7 32. Qf5+ Kg8 33. Qxd5 g6 34. Qc4 Kg7 35. Qc3+ Kh7 36. Qxb2 Bd4 37. Qxd4 1-0

[Event "*** Titled Tuesday Blitz"]
[Site "Chess.com"]
[Date "2018.09.04"]
[Round "3"]
[White "PulpanJ"]
[Black "Sven_Tica"]
[Result "1-0"]
[WhiteElo "2445"]
[BlackElo "2630"]
[TimeControl "180+2"]
[EndTime "14:12:12 PDT"]
[Termination "PulpanJ won by resignation"]

1. e4 c5 2. Nf3 Nf6 3. e5 Nd5 4. b3 Nc6 5. Bb2 g6 6. Bc4 Nc7 7. Ng5 e6 8. Ne4 Bg7 9. Nd6+ Kf8 10. f4 b5 11. Be2 Rb8 12. c3 Nd5 13. O-O a6 14. c4 bxc4 15. Bxc4 Nde7 16. Nc3 Nf5 17. Nce4 Ncd4 18. Bxd4 Nxd4 19. Ng5 f6 20. Ngf7 Qe7 21. Nxh8 Bxh8 22. Qg4 f5 23. Qh3 h5 24. Nxc8 Rxc8 25. Bxa6 Ra8 26. Bc4 d6 27. exd6 Qxd6 28. Kh1 Bf6 29. a4 Kg7 30. Rae1 Re8 31. a5 Nc2 32. Re2 Nd4 33. Re3 Nc2 34. Rd3 Qc7 35. a6 Nb4 36. Rg3 h4 37. Re3 Qb6 38. Rfe1 e5 39. fxe5 Bg5 40. R3e2 Nxa6 41. Bxa6 Qxa6 42. Qc3 Re6 43. Qc4 Qc6 44. b4 h3 45. Qxc5 hxg2+ 46. Rxg2 Qb7 47. d4 Be7 48. Qc4 Rc6 49. Qd5 Bxb4 50. Reg1 Qb6 51. Qd7+ Kh6 52. d5 1-0

[Event "*** Titled Tuesday Blitz"]
[Site "Chess.com"]
[Date "2018.09.04"]
[Round "3"]
[White "BigAl"]
[Black "narutosmith"]
[Result "1-0"]
[WhiteElo "2072"]
[BlackElo "2179"]
[TimeControl "180+2"]
[EndTime "14:12:15 PDT"]
[Termination "BigAl won on time"]

1. e4 c5 2. Nc3 e6 3. g3 Nc6 4. Bg2 g6 5. d3 Bg7 6. Be3 b6 7. Qd2 Nge7 8. Bh6 O-O 9. h4 Nd4 10. Bxg7 Kxg7 11. h5 Rh8 12. h6+ Kg8 13. e5 Nec6 14.
Ne4 f5 15. exf6 d5 16. Ng5 Qxf6 17. c3 Nf5 18. O-O-O b5 19. Ne2 b4 20. g4 Nfe7 21.
c4 Na5 22. f4 Bd7 23. Kb1 Bc6 24. cxd5 Bxd5 25. Ne4 Bxe4 26. dxe4 Nc4 27. Qc1 Nb6 28. e5 Qf8 29. Bxa8 Qxa8 30. Qxc5 Kf7 31. Nc1 Na4 32. Qa5 Qe4+ 33. Ka1 Nb6 34. Nb3 Nbd5 35. Nc5 Qc2 36. Rc1 Qg2 37. Qa6 Nxf4 38. Rhf1 g5 39. Qxe6+ Ke8 40. Qf6 Rf8 41. Qxg5 1-0

[Event "*** Titled Tuesday Blitz"]
[Site "Chess.com"]
[Date "2018.09.04"]
[Round "3"]
[White "MITerryble"]
[Black "Kurai"]
[Result "1-0"]
[WhiteElo "2761"]
[BlackElo "2461"]
[TimeControl "180+2"]
[EndTime "14:12:18 PDT"]
[Termination "MITerryble won by resignation"]

1. d4 d5 2. Nf3 Nf6 3. c4 e6 4. e3 Be7 5. Bd3 O-O 6. b3 b6 7. O-O Bb7 8. Bb2 Nbd7 9. Nbd2 c5 10. Qe2 Re8 11. Rfd1 Qc7 12. Rac1 dxc4 13. bxc4 Rad8 14. Nb1 Ne4 15. Qc2 Ndf6 16. Ne5 h6 17. a4 Rc8 18. Na3 a6 19. Nb1 Red8 20. f3 Nd6 21. Nc3 cxd4 22. exd4 Nh5 23. Ne2 Bg5 24. Rb1 Nf4 25. Nxf4 Bxf4 26.
Kh1 Kf8 27. Ba3 Ke8 28. Bf1 Bd5 29. Qh7 Bxe5 30. dxe5 Nxc4 31. Bxc4 Qxc4 32. Qg8+ Kd7 33. Qxf7+ Kc6 34. Rdc1 Rd7 35. Qf4 b5 36. Qe3 Kb7 37. Rxc4 Bxc4 38. axb5 axb5 39. Bd6 Ra8 40. h4 Rdd8 41. Qc5 Rdc8 42. Rxb5+ Bxb5 43. Qxb5+ Ka7 44. Bc5+ Rxc5 45. Qxc5+ Kb7 46. Qe7+ 1-0

[Event "*** Titled Tuesday Blitz"]
[Site "Chess.com"]
[Date "2018.09.04"]
[Round "3"]
[White "oskariot"]
[Black "Faqade"]
[Result "1-0"]
[WhiteElo "2479"]
[BlackElo "2480"]
[TimeControl "180+2"]
[EndTime "14:12:21 PDT"]
[Termination "oskariot won by resignation"]

1. c4 Nf6 2. g3 g6 3. Bg2 Bg7 4.
Nc3 O-O 5. e4 c5 6. Nge2 Nc6 7. d3 Ne8 8. Be3 d6 9. O-O Nc7 10. d4 cxd4 11. Nxd4 Ne6 12. Nde2 Nc5 13. Qd2 Na5 14. b3 Naxb3 15. axb3 Nxb3 16. Qd3 Nxa1 17. Rxa1 a5 18. Ra2 Be6 19. Nd4 Bd7 20. Ndb5 a4 21.
Rxa4 Bxb5 22. cxb5 Bxc3 23. Rxa8 Qxa8 24. Qxc3 Rc8 25.
Qd3 Qa1+ 26. Bf1 Rc1 27. Bxc1 Qxc1 28. Qd5 Qc7 29. h4 h5 30. Kg2 Qb6 31. Be2 e6 32. Qc4 Kg7 33. Qc3+ Kg8 34. Qc8+ Kg7 35. Qc3+ Kg8 36.
Bd3 Kh7 37. Qf6 Kg8 38. Bc4 Qc5 39. Bxe6 fxe6 40. Qxg6+ Kf8 41. Qf6+ Ke8 42. Qxe6+ Kd8 43. Qd5 b6 44. Qxc5 dxc5 45. f4 Ke7 46. Kf3 Ke6 47. g4 Kf6 48. gxh5 Kg7 49. Ke3 Kh6 50. e5 Kxh5 51. e6 Kg6 52. f5+ Kf6 53. h5 Kxf5 54.
e7 Kg5 55. e8=Q 1-0

[Event "*** Titled Tuesday Blitz"]
[Site "Chess.com"]
[Date "2018.09.04"]
[Round "3"]
[White "Xeniya2005"]
[Black "aa175"]
[Result "1-0"]
[WhiteElo "1995"]
[BlackElo "1954"]
[TimeControl "180+2"]
[EndTime "14:12:28 PDT"]
[Termination "Xeniya2005 won by checkmate"]

1. e4 c5 2. Nf3 Nc6 3. d4 cxd4 4. Nxd4 e5 5. Nb5 d6 6. N1c3 a6 7. Na3 b5 8. Nd5 Nf6 9. Bg5 Be7 10. Bxf6 Bxf6 11.
c3 O-O 12. Be2 Be6 13. Nc2 Bxd5 14. Qxd5 Rc8 15. Rd1 Qa5 16. a3 Nd4 17. Nxd4 exd4 18.
O-O dxc3 19. bxc3 Rxc3 20. Qxd6 Qxa3 21. Qd7 b4 22. Ra1 Qb2 23. Bxa6 Ra3 24. Rab1 Qc3 25. Rfc1 Qd4 26. Qxd4 Bxd4 27. Bc4 Rc3 28. Bb3 Rfc8 29.
Rd1 g6 30. Rxd4 Rxb3 31. Rbd1 Kg7 32. g3 Rc2 33. e5 Rbb2 34. Rf4 Re2 35. Rd7 b3 36.
Rfxf7+ Kh6 37. Rxh7+ Kg5 38. Rdf7 Rb1+ 39. Kg2 b2 40. h4+ Kg4 41. Rf4# 1-0

[Event "*** Titled Tuesday Blitz"]
[Site "Chess.com"]
[Date "2018.09.04"]
[Round "3"]
[White "Synctel"]
[Black "Blagorod"]
[Result "0-1"]
[WhiteElo "1904"]
[BlackElo "2002"]
[TimeControl "180+2"]
[EndTime "14:12:31 PDT"]
[Termination "Blagorod won on time"]

1. d4 d5 2. Nf3 Nc6 3. Bf4 Nf6 4. h3 e6 5. e3 Bd6 6. Ne5 O-O 7. Nd2 Nd7 8. Ndf3 Ndxe5 9. Nxe5 f6 10. Nxc6 bxc6 11.
Bxd6 Qxd6 12. Bd3 Qb4+ 13. Qd2 Qxb2 14. O-O Qa3 15. Qe2 Qe7 16. c4 c5 17. dxc5 Qxc5 18.
Qh5 f5 19. cxd5 Qxd5 20. Rfd1 Bb7 21. Bf1 Qe5 22. Rac1 Rf7 23. Rd4 c5 24. Rdc4 Rc8 25.
Ra4 Be4 26. Ra5 Rfc7 27. Bc4 Bd5 28. Ba6 Rb8 29. Qd1 Qe4 30. Bf1 Qb4 31. Rxa7 Qb6 32. Rxc7 Qxc7 33. Bc4 Bxc4 34. Rxc4 Qc6 35. Qc1 Rb5 36.
Qc2 h6 37. Ra4 Qb6 38. Ra8+ Kh7 39. g4 Rb1+ 40. Kh2 Rb2 0-1

[Event "*** Titled Tuesday Blitz"]
[Site "Chess.com"]
[Date "2018.09.04"]
[Round "3"]
[White "Superfelix"]
[Black "chess_rehab"]
[Result "1-0"]
[WhiteElo "2359"]
[BlackElo "2230"]
[TimeControl "180+2"]
[EndTime "14:12:31 PDT"]
[Termination "Superfelix won by resignation"]

1. e4 c5 2. Nc3 Nc6 3. Bb5 Nd4 4. Nf3 Nxb5 5. Nxb5 d5 6. exd5 a6 7. Nc3 Nf6 8. O-O Nxd5 9. Ne4 e6 10. b3 Be7 11.
Bb2 O-O 12. d3 b6 13. Ne5 Bb7 14. Qh5 Nf6 15. Qf3 Nxe4 16. dxe4 f5 17. Qg3 Bf6 18. exf5 exf5 19. Rad1 Qc7 20. Rd7 f4 21. Rxc7 fxg3 22. Rxb7 gxf2+ 23. Rxf2 Rae8 24. Re2 Re6 25. Rd7 Rfe8 26.
Rd5 h5 27. c4 a5 28. a4 h4 29. h3 Bg5 30. Bc3 Bf4 31. Re4 g5 32. Kf1 Bg3 33. Ke2 Rf8 34. Kd3 Rf1 35. Nf3 Rxe4 36. Rxg5+ Kf7 37. Kxe4 Rf2 38. Kd5 Rxg2 39. Nxh4 Rg1 40. Rg7+ Kf8 41. Nf5 Rd1+ 42. Ke6 b5 43. Rxg3 b4 44.
Bg7+ Kg8 45. Bf6+ Kf8 46. Be7+ 1-0

[Event "*** Titled Tuesday Blitz"]
[Site "Chess.com"]
[Date "2018.09.04"]
[Round "3"]
[White "mjray79"]
[Black "RU_B9"]
[Result "1/2-1/2"]
[WhiteElo "2042"]
[BlackElo "1981"]
[TimeControl "180+2"]
[EndTime "14:12:35 PDT"]
[Termination "Game drawn by repetition"]

1. d4 Nf6 2. c4 e6 3. g3 d5 4. Bg2 Bb4+ 5. Bd2 Be7 6. Nf3 O-O 7.
O-O c6 8. Qc2 Nbd7 9. b3 b6 10.
Bc3 Ne4 11. Nbd2 Nxc3 12. Qxc3 Bb7 13. Rfd1 f5 14. Rac1 Rc8 15. Ne5 Nxe5 16. dxe5 c5 17. cxd5 Bxd5 18. e4 Ba8 19. Nc4 Qc7 20. Nd6 Rcd8 21. Qc4 Bxd6 22. Qxe6+ Qf7 23. Qxf7+ Rxf7 24. exd6 Bxe4 25. Bxe4 fxe4 26. Rc4 Rfd7 27. Rxe4 Kf8 28. Rf4+ Kg8 29. Ra4 a5 30. Re4 Kf8 31. Rf4+ Kg8 32.
Re4 Kf8 33. Rf4+ Kg8 34. Re4 Kf8 35. Rh4 h6 36. Rf4+ Kg8 37. Re4 Kf8 38. Rf4+ Kg8 39. Re4 Kf8 40. Rf4+ Kg8 41. Re4 Kf7 42. Rde1 Rxd6 43.
Re7+ Kf6 44. Rb7 R8d7 45. Rb8 Rd8 46. Rb7 R8d7 47. Rb8 Rd8 48. Rb7 R8d7 1/2-1/2

[Event "*** Titled Tuesday Blitz"]
[Site "Chess.com"]
[Date "2018.09.04"]
[Round "3"]
[White "tteshan"]
[Black "MikeSailer"]
[Result "1-0"]
[WhiteElo "2037"]
[BlackElo "2088"]
[TimeControl "180+2"]
[EndTime "14:12:38 PDT"]
[Termination "tteshan won on time"]

1. e4 d5 2. exd5 Qxd5 3. Nc3 Qd8 4. d4 Nf6 5. Nf3 Bg4 6. h3 Bh5 7. g4 Bg6 8. Ne5 e6 9. Bg2 c6 10. h4 Bb4 11. h5 Be4 12. f3 Bd5 13. O-O Bxc3 14.
bxc3 Nfd7 15. c4 Nxe5 16. cxd5 Qb6 17. Kh1 Ned7 18. dxe6 fxe6 19. Re1 O-O 20. Rxe6 Nf6 21. Ba3 Rd8 22. c3 Nbd7 23. Rb1 Qa6 24. Qb3 Kh8 25.
Be7 Re8 26. Bf1 Qa5 27. Bb4 Qg5 28. Rxe8+ Rxe8 29. Qc2 Nb6 30. Bd6 Nbd5 31. Be5 Ne3 32. Qh2 Nxf1 33. Rxf1 Nd5 34. c4 Ne3 35. Re1 Rf8 36.
f4 Nxg4 37. fxg5 Nxh2 38. Bxh2 Kg8 39. Kg2 Rf5 40. Re5 1-0

[Event "*** Titled Tuesday Blitz"]
[Site "Chess.com"]
[Date "2018.09.04"]
[Round "3"]
[White "Saitama_Hero"]
[Black "Rashad_Zeynalli"]
[Result "0-1"]
[WhiteElo "2188"]
[BlackElo "2358"]
[TimeControl "180+2"]
[EndTime "14:12:41 PDT"]
[Termination "Rashad_Zeynalli won on time"]

1. d4 f5 2. Qd3 d5 3. g4 fxg4 4. h3 Nf6 5. Bg5 Ne4 6. Bf4 Nc6 7. hxg4 Nb4 8. Qb3 e6 9. f3 Bd6 10. Bxd6 Qxd6 11. fxe4 O-O 12. e5 Qe7 13. Nf3 c5 14. c3 Nc6 15. Nbd2 cxd4 16. cxd4 Bd7 17. O-O-O a5 18.
Kb1 a4 19. Qd3 g6 20. a3 b5 21. e4 b4 22. Bg2 Rab8 23. Ka1 bxa3 24. Qxa3 Nb4 25.
Rc1 Rfc8 26. Kb1 Bb5 27. Rxc8+ Rxc8 28. Bf1 Bc6 29. Bd3 Rf8 30. Rc1 Ba8 31. Ne1 Rf2 32.
Rc8+ Kg7 33. Qc3 Bc6 34. Nc2 Nxd3 35. Qxd3 Qb7 36. Rd8 dxe4 37. Qc3 Rg2 38. Nb4 Bd5 39. Nxd5 exd5 40. e6 a3 0-1

[Event "*** Titled Tuesday Blitz"]
[Site "Chess.com"]
[Date "2018.09.04"]
[Round "3"]
[White "lhavas"]
[Black "Sethu0025"]
[Result "0-1"]
[WhiteElo "2312"]
[BlackElo "2683"]
[TimeControl "180+2"]
[EndTime "14:12:41 PDT"]
[Termination "Sethu0025 won by resignation"]

1. d4 d6 2. Bf4 Nf6 3. Nc3 g6 4.
e4 Bg7 5. Qd2 a6 6. h4 h5 7.
O-O-O b5 8. f3 Bb7 9. Nh3 O-O 10. Bh6 Nbd7 11. Bxg7 Kxg7 12. Nf4 e5 13. dxe5 dxe5 14. Nfd5 Nxd5 15. Nxd5 Nf6 16. g4 Bxd5 17. exd5 Qd6 18. gxh5 Nxh5 19. Rg1 Qf6 20. Kb1 Rad8 21. Rg5 Nf4 22.
c4 bxc4 23. Bxc4 Rd6 24. Qe3 Re8 25. Qa7 c6 26. Bxa6 cxd5 27. Bb5 Re7 28. Qc5 Rb7 29. a4 Rd8 30. Qe3 Re7 31. Qc5 d4 32. Rgg1 d3 33. h5 Rd5 34. Qe3 Qf5 35. hxg6 fxg6 36. Rd2 Rc7 37.
Rgd1 Rc2 38. Bxd3 Rxd2 39. Rxd2 Nxd3 40. Qa7+ Rd7 41. Qa8 Nf2+ 42. Kc1 Rc7+ 0-1

[Event "*** Titled Tuesday Blitz"]
[Site "Chess.com"]
[Date "2018.09.04"]
[Round "3"]
[White "Elshan1985"]
[Black "gmjlh"]
[Result "1-0"]
[WhiteElo "2724"]
[BlackElo "2704"]
[TimeControl "180+2"]
[EndTime "14:12:42 PDT"]
[Termination "Elshan1985 won on time"]

1. Nf3 d5 2. e3 Nf6 3. b3 e6 4. Bb2 Be7 5. c4 O-O 6. d4 b6 7. Nbd2 Bb7 8. cxd5 exd5 9. Bd3 Ne4 10. Ne5 Nd7 11.
O-O Nxe5 12. dxe5 a5 13. Rc1 Nc5 14. Bb1 Ba6 15. Re1 Nd3 16. Bxd3 Bxd3 17. Nf3 Be4 18. Nd4 Bb4 19. Re2 c5 20. Nb5 Qg5 21. f4 Qg4 22. h3 Qg3 23. a3 Bf3 24. Qf1 Bxe2 25. Qxe2 Rfd8 26. Nd6 Qg6 27. Rf1 a4 28. axb4 a3 29. Ba1 cxb4 30. f5 Qh6 31. Qd3 a2 32.
Kh2 Ra5 33. f6 Qg6 34. Nf5 Re8 35. Ne7+ Rxe7 36. fxe7 Qe6 37. Qd4 Qxe7 38. Qxb6 Ra8 39. Rc1 h6 40. Qd6 Qb7 41. e6 Ra6 42. exf7+ Kxf7 43. Rf1+ Kg8 44. Qf8+ Kh7 45. Rf7 1-0

[Event "*** Titled Tuesday Blitz"]
[Site "Chess.com"]
[Date "2018.09.04"]
[Round "3"]
[White "Orest_Vovk"]
[Black "Blitzstream"]
[Result "0-1"]
[WhiteElo "2414"]
[BlackElo "2587"]
[TimeControl "180+2"]
[EndTime "14:12:42 PDT"]
[Termination "Blitzstream won by checkmate"]

1. Nc3 b6 2. Nf3 Bb7 3. g3 g6 4. Bg2 Bg7 5. Nh4 Bxg2 6. Nxg2 e6 7. b3 Ne7 8. Bb2 d6 9. Na4 Bxb2 10. Nxb2 Nd7 11. d4 a6 12. Qd3 h6 13. c4 O-O 14. h4 h5 15. g4 Nf6 16. f3 e5 17.
O-O-O Nc6 18. e3 Nb4 19. Qd2 a5 20. a3 Nc6 21. d5 Nb8 22. g5 Ne8 23. f4 Ng7 24.
fxe5 dxe5 25. e4 Nd7 26. Nd3 Qe7 27. Kb2 Rfb8 28. Qe3 Nc5 29. Rhf1 Ne8 30. Nxc5 bxc5 31. a4 Rb4 32. Rd3 Rab8 33. Ka3 Nd6 34. Rc1 Qd7 35.
Qxc5 Nxe4 36. Qe3 Nd6 37. c5 Nf5 38. Qxe5 Nd4 39. Rcc3 Qg4 40. Ne3 Qg1 41. Nc2 Qc1+ 42. Ka2 Rxa4+ 43. bxa4 Qb2# 0-1

[Event "*** Titled Tuesday Blitz"]
[Site "Chess.com"]
[Date "2018.09.04"]
[Round "3"]
[White "Anton_Demchenko"]
[Black "johnathan113"]
[Result "0-1"]
[WhiteElo "2758"]
[BlackElo "2602"]
[TimeControl "180+2"]
[EndTime "14:12:47 PDT"]
[Termination "johnathan113 won by resignation"]

1. e4 c5 2. Nf3 g6 3. d4 cxd4 4. Nxd4 Bg7 5. c4 Nc6 6. Be3 Qb6 7. Nb5 Qa5+ 8. Bd2 Qd8 9. Bc3 Nf6 10. Nd2 O-O 11.
Bd3 d6 12. O-O Be6 13. Rc1 a6 14. Nd4 Nxd4 15. Bxd4 Nd7 16. Bxg7 Kxg7 17. a3 a5 18. Nb1 Qb6 19. Qe2 Nc5 20. Rfd1 Rfc8 21. Rc2 Qb3 22. Rc3 Qb6 23. Bc2 Qxb2 24. e5 dxe5 25. Qxe5+ Kg8 26.
h4 Nd7 27. Qe2 Nb6 28. Rb3 Bxc4 29. Rxb2 Bxe2 30. Re1 Nc4 31. Rxb7 Bg4 32. Rexe7 Be6 33. Bb3 a4 34. Bxc4 Rxc4 35. h5 gxh5 36. Nd2 Rc3 37. Nf3 Bd5 38. Rbd7 Be6 39. Rb7 Rxa3 40. Ng5 Rb3 41.
Rbc7 a3 42. Nxe6 a2 43. Rc1 a1=Q 44. Rxa1 Rxa1+ 45. Kh2 fxe6 0-1

[Event "*** Titled Tuesday Blitz"]
[Site "Chess.com"]
[Date "2018.09.04"]
[Round "3"]
[White "Rodalquilar"]
[Black "ddtru"]
[Result "1-0"]
[WhiteElo "2452"]
[BlackElo "2277"]
[TimeControl "180+2"]
[EndTime "14:12:49 PDT"]
[Termination "Rodalquilar won by resignation"]

1. d4 Nf6 2. c4 e6 3. Nc3 d5 4. cxd5 Nxd5 5. e4 Nxc3 6. bxc3 c5 7. Nf3 cxd4 8. cxd4 Bb4+ 9. Bd2 Bxd2+ 10. Qxd2 O-O 11.
Bc4 Nd7 12. O-O b6 13. a4 Bb7 14. Rfe1 Nf6 15. Bd3 Rc8 16. a5 Qc7 17. axb6 axb6 18.
Qb2 Rfd8 19. Rab1 Nd7 20. d5 Qc3 21. Qe2 exd5 22. e5 Nf8 23. Rxb6 Rc7 24. Ng5 h6 25. Nh3 Ne6 26. Rxe6 fxe6 27. Nf4 Qc6 28. Qg4 Rf8 29. Qxe6+ Rcf7 30. Bg6 Qxe6 31. Nxe6 Rxf2 32. Nxf8 Rxf8 33. e6 Bc6 34. e7 Rb8 35. e8=Q+ Bxe8 36. Rxe8+ Rxe8 37. Bxe8 Kf8 38. Bc6 Ke7 39. Bxd5 Kf6 40. Kf2 g5 41.
Be4 h5 42. Ke3 Ke5 43. Bg6 h4 44. h3 Kf6 45. Bd3 Ke5 46. Kf3 Kf6 47. Kg4 1-0

[Event "*** Titled Tuesday Blitz"]
[Site "Chess.com"]
[Date "2018.09.04"]
[Round "3"]
[White "Evandro_Barbosa"]
[Black "OglazaOskar2005"]
[Result "1/2-1/2"]
[WhiteElo "2470"]
[BlackElo "2311"]
[TimeControl "180+2"]
[EndTime "14:12:52 PDT"]
[Termination "Game drawn by repetition"]

1. e4 c5 2. Nf3 d6 3. d4 cxd4 4.
Nxd4 Nf6 5. Nc3 a6 6. a4 e6 7. a5 Be7 8. Be2 O-O 9. O-O Bd7 10. Be3 Nc6 11. Nb3 Rc8 12. Bb6 Qe8 13. f4 d5 14. e5 Ne4 15. Nxe4 dxe4 16. c3 Nb8 17. Qc2 Bc6 18. Rad1 Nd7 19. Be3 Ba4 20. Ra1 Bxb3 21. Qxb3 Bc5 22. c4 Qe7 23. Kh1 Bxe3 24. Qxe3 Qb4 25.
Qxe4 Nc5 26. Qc2 Nb3 27. Ra3 Nd4 28. Qe4 Nxe2 29. Qxe2 Rxc4 30. Qf2 Rd8 31. Qh4 Rd2 32. h3 h6 33. Rg3 Kh7 34. Qg4 g6 35. Qh4 Rd7 36.
Rgf3 Qe7 37. Qf2 Qc5 38. Qg3 Rc2 39. Rb3 Rc1 40. Rxc1 Qxc1+ 41. Kh2 Rd1 42. Qf2 Rd7 43. Rc3 Qd1 44. Qc2 Qd4 45. Rc4 Qe3 46.
Re4 Qa7 47. Rb4 Qe3 48. Re4 Qa7 49. h4 Qb8 50. h5 Qd8 51. hxg6+ fxg6 52. Rc4 Qh4+ 53.
Kg1 Qe1+ 54. Kh2 Qh4+ 55. Kg1 Qe1+ 56. Kh2 Qh4+ 57. Kg1 Qe1+ 58. Kh2 Qh4+ 59. Kg1 Qe1+ 60. Kh2 Qh4+ 1/2-1/2

[Event "*** Titled Tuesday Blitz"]
[Site "Chess.com"]
[Date "2018.09.04"]
[Round "3"]
[White "AkibaRubi"]
[Black "afgano29"]
[Result "0-1"]
[WhiteElo "2482"]
[BlackElo "2696"]
[TimeControl "180+2"]
[EndTime "14:12:52 PDT"]
[Termination "afgano29 won by resignation"]

1. Nf3 Nf6 2. b3 g6 3. Bb2 Bg7 4. d4 O-O 5. g3 d6 6. Bg2 Nbd7 7. O-O c6 8. c4 Qc7 9. Nc3 e5 10. e4 Re8 11. Re1 exd4 12. Nxd4 Nc5 13. Qc2 Bd7 14.
Rad1 Rad8 15. Rd2 Bc8 16. Red1 Bh6 17. Ndb5 cxb5 18. Nxb5 Qe7 19. Rxd6 Bg7 20. Rxd8 Rxd8 21. Rxd8+ Qxd8 22. Nxa7 Be6 23. Nb5 Nd3 24. Ba3 Ng4 25.
Be7 Qd7 26. Bd6 Ngxf2 27. e5 Bf5 28. Nd4 Bg4 29. c5 Bh3 30. Qe2 Bxg2 31. Kxg2 Qh3+ 32. Kg1 Qg4 33. Qxg4 Nxg4 34. c6 bxc6 35. Nxc6 Ngxe5 36. Nxe5 Bxe5 37. Bxe5 Nxe5 38. Kf2 Nd3+ 39. Ke3 Nc1 40. b4 Nxa2 41. b5 Nc3 42. b6 Nd5+ 0-1

[Event "*** Titled Tuesday Blitz"]
[Site "Chess.com"]
[Date "2018.09.04"]
[Round "3"]
[White "GadimbayliA"]
[Black "Genghis_K"]
[Result "0-1"]
[WhiteElo "2663"]
[BlackElo "2867"]
[TimeControl "180+2"]
[EndTime "14:12:53 PDT"]
[Termination "Genghis_K won by resignation"]

1. e4 e5 2. Nf3 Nc6 3. Bb5 Nf6 4. O-O Nxe4 5. Re1 Nd6 6. Nxe5 Be7 7. Bf1 O-O 8. d4 Nf5 9. c3 d5 10. Nxc6 bxc6 11. Bd3 c5 12. Qf3 Nh4 13. Qe3 Bf6 14. dxc5 d4 15. Qg3 Re8 16. Rxe8+ Qxe8 17. Bd2 Bb7 18. cxd4 Rd8 19. Nc3 Bxg2 20. Re1 Nf3+ 21. Kxg2 Nxe1+ 22. Bxe1 Qxe1 23. Ne4 Bxd4 24. Qxc7 Re8 25.
Qf4 Be5 26. Qf3 Qc1 27. h4 h6 28. Qf5 g6 29. Qf3 Kg7 30. h5 Qxb2 31. Nd6 Bxd6 32. cxd6 Qe5 33. hxg6 fxg6 34. Qb7+ Kf6 35. d7 Rd8 36. Qc6+ Ke7 37. Bb5 Qe6 38. Qc5+ Qd6 39. Qe3+ Kf6 40. a4 a6 41. Qxh6 axb5 42. Qh4+ g5 43.
Qh6+ Ke7 44. Qxg5+ Qf6 45. axb5 Qxg5+ 0-1

[Event "*** Titled Tuesday Blitz"]
[Site "Chess.com"]
[Date "2018.09.04"]
[Round "3"]
[White "VeraNebolsina"]
[Black "Thjop"]
[Result "1/2-1/2"]
[WhiteElo "2408"]
[BlackElo "2537"]
[TimeControl "180+2"]
[EndTime "14:12:54 PDT"]
[Termination "Game drawn by repetition"]

1. e4 e6 2. d4 d5 3. exd5 exd5 4. Nf3 Bg4 5. Bd3 Bd6 6. O-O Nc6 7. c3 Qd7 8. Re1+ Nge7 9. h3 Bh5 10. Nbd2 O-O-O 11. Qc2 Bg6 12. Ne5 Bxe5 13. dxe5 d4 14. Nf3 dxc3 15. Bxg6 cxb2 16. Bxb2 hxg6 17. e6 fxe6 18. Rad1 Qe8 19. Rxe6 Rxd1+ 20. Qxd1 Qf7 21. Qb3 Rd8 22. Be5 Nd5 23.
Rxc6 bxc6 24. Bg3 Qf5 25. Nd4 Qf6 26. Qa4 Nb6 27. Qxa7 Rd7 28. Nb3 Qc3 29. Na5 Kd8 30. Qb7 c5 31. Nc6+ Ke8 32. Qb8+ Kf7 33. Ne5+ Ke7 34.
Nxg6+ Kf6 35. Be5+ Qxe5 36. Nxe5 Kxe5 37. Qe8+ Kd5 38.
Qg8+ Kd4 39. Qb3 c4 40. Qc2 c3 41. h4 Kc4 42. Qe2+ Kb4 43. Qe4+ Ka3 44. Qc2 Kb4 45.
a3+ Kc4 46. Qe4+ Kb3 47. Qb1+ Kxa3 48. Qa1+ Kb3 49. Qb1+ Kc4 50. Qe4+ Kb3 51. Qb1+ Kc4 52. Qe4+ Kb3 53. Qb1+ 1/2-1/2

[Event "*** Titled Tuesday Blitz"]
[Site "Chess.com"]
[Date "2018.09.04"]
[Round "3"]
[White "TheRigos"]
[Black "lavr92"]
[Result "0-1"]
[WhiteElo "2418"]
[BlackElo "2590"]
[TimeControl "180+2"]
[EndTime "14:12:54 PDT"]
[Termination "lavr92 won by resignation"]

1. b3 e5 2. Bb2 Nc6 3. e3 Nf6 4.
Bb5 Bd6 5. Na3 Na5 6. Be2 a6 7. c4 Qe7 8. Nc2 c5 9. g4 h6 10. h4 Bc7 11. Nh3 d5 12. cxd5 Nxd5 13. h5 Nc6 14. Bf3 Be6 15. d3 Rd8 16. a3 O-O 17. Kf1 Nf6 18. Qe2 Bxb3 19. g5 hxg5 20. Nxg5 Nh7 21.
Nxh7 Kxh7 22. e4 Nd4 23. Bxd4 exd4 24. Ne1 c4 25. Bg4 b5 26. Rg1 Bf4 27. Bf5+ Kh8 28. Qf3 Bh6 29. Rb1 a5 30. Ng2 a4 31. Nf4 cxd3 32. Qg4 d2 33. Kg2 Qg5 34. Qxg5 Bxg5 35. Nh3 Be7 36. Bg4 Bxa3 37. Nf4 Bd6 38. Nd3 Bc2 39.
Be2 Bxb1 40. Rxb1 Rb8 41. e5 Be7 42. Nf4 Rfc8 43. Nd5 Rc1 44. Nxe7 0-1

[Event "*** Titled Tuesday Blitz"]
[Site "Chess.com"]
[Date "2018.09.04"]
[Round "3"]
[White "wannabe2700"]
[Black "Mikhail_Golubev"]
[Result "1-0"]
[WhiteElo "2593"]
[BlackElo "2416"]
[TimeControl "180+2"]
[EndTime "14:12:55 PDT"]
[Termination "wannabe2700 won on time"]

1. d4 Nf6 2. c4 g6 3. f3 Bg7 4.
e4 O-O 5. Nc3 d6 6. Nge2 a6 7.
Be3 Nbd7 8. g4 b5 9. h4 Nb6 10. cxb5 axb5 11. Nxb5 Nc4 12. Bc1 Rb8 13. Nec3 Nxb2 14.
Bxb2 c6 15. a4 cxb5 16. axb5 h5 17. g5 Nd7 18. Be2 e5 19. Nd5 Bb7 20. Nb4 Qb6 21. O-O exd4 22. Kg2 Rfe8 23. Qd2 Nc5 24. Ra3 Rxe4 25.
fxe4 Nxe4 26. Qf4 Nd2+ 27. Rff3 Nxf3 28. Bxf3 Qxb5 29. Nd3 Re8 30. Ra7 Re2+ 31. Kh3 Qxd3 32. Rxb7 Rh2+ 33. Kxh2 Be5 34. Qxe5 dxe5 35. Bg2 Qe2 36.
Rb8+ Kh7 37. Rb7 d3 38. Rxf7+ Kg8 39. Rd7 d2 40. Rd8+ Kf7 41. Kh3 d1=Q 42. Rxd1 Qxd1 43. Bxe5 Qd3+ 44. Bg3 Qf5+ 45. Kh2 Kg8 46. Bh3 1-0

[Event "*** Titled Tuesday Blitz"]
[Site "Chess.com"]
[Date "2018.09.04"]
[Round "3"]
[White "amiralfio"]
[Black "jacky72"]
[Result "1-0"]
[WhiteElo "2458"]
[BlackElo "2649"]
[TimeControl "180+2"]
[EndTime "14:12:58 PDT"]
[Termination "amiralfio won by checkmate"]

1. d4 Nf6 2. Nf3 g6 3. c4 Bg7 4.
Nc3 O-O 5. e4 d6 6. h3 e5 7. d5 a5 8. g4 Na6 9. Be3 Nd7 10. a3 Nb6 11. Nd2 f5 12. gxf5 gxf5 13. exf5 Nc5 14. Bxc5 dxc5 15. Bd3 Bxf5 16. Bxf5 Rxf5 17.
Nde4 Kh8 18. Qe2 Bh6 19. Nxc5 Qh4 20. N5e4 Rg8 21. c5 Nd7 22. d6 cxd6 23. cxd6 Rf4 24. Rd1 b5 25. b4 axb4 26. axb4 Rc8 27. Rg1 Qxh3 28. Rd3 Qf5 29. Rdg3 Ra8 30. Qa2 Rxe4+ 31. Kf1 Qf8 32. Qe6 Ra1+ 33. Kg2 Nf6 34. Rxa1 Rf4 35.
Ra2 Nh5 36. Qxe5+ Ng7 37. d7 Rf7 38. Qd5 Nh5 39. Qxh5 Rxd7 40. Qe5+ Bg7 41. Qc5 Qf6 42. Ra8+ Rd8 43. Rxd8+ Qxd8 44. Nxb5 Qa8+ 45. Kh2 Qe4 46. Nd6 Qh4+ 47. Kg2 h5 48. Nf7+ Kg8 49. Ng5 Qf4 50. Qc8+ Bf8 51. Qe6+ Kh8 52. Nf7+ Qxf7 53. Qxf7 Bg7 54. Qxg7# 1-0

[Event "*** Titled Tuesday Blitz"]
[Site "Chess.com"]
[Date "2018.09.04"]
[Round "3"]
[White "TrimitziosP7"]
[Black "Squirlolz"]
[Result "1-0"]
[WhiteElo "2655"]
[BlackElo "2430"]
[TimeControl "180+2"]
[EndTime "14:13:04 PDT"]
[Termination "TrimitziosP7 won on time"]

1. Nf3 Nf6 2. c4 e6 3. g3 d5 4. Bg2 Be7 5. O-O O-O 6. b3 d4 7.
Bb2 c5 8. e3 Nc6 9. exd4 cxd4 10. Re1 Ng4 11. d3 f6 12. Ng5 Nge5 13. Nf3 Nf7 14. a3 a5 15. Nbd2 e5 16. Qe2 Re8 17.
h3 Bf8 18. Nh2 Be6 19. g4 Bd7 20. Nhf1 Ng5 21. Ng3 Ne6 22. Qf1 Nf4 23. Be4 Qc7 24. Ne2 Nxe2+ 25. Qxe2 Ne7 26. Nf1 Bc6 27. Ng3 Ng6 28. Bc1 Rab8 29. Bd2 Nf4 30. Qf1 b5 31. Bxf4 exf4 32. Bxc6 Qxc6 33. Ne4 a4 34. cxb5 Qxb5 35. b4 Rbc8 36. Rac1 f5 37. gxf5 Qxf5 38. Qg2 f3 39. Qg4 Rxc1 40. Rxc1 Qf7 41. Rc6 h6 42. Nf6+ Kh8 43.
Nxe8 Qxe8 44. Qe6 Qh5 45. Rc8 Qg5+ 46. Qg4 Qf6 47. h4 g6 48. Re8 Kh7 49. Re6 Qf7 50. Qe4 h5 51. Re8 Bg7 52. Re7 Qf6 53. b5 Qb6 54. Re6 1-0